[Event "Live Chess"]
[Site "Chess.com"]
[Date "2023.05.20"]
[Round "-"]
[White "Man-Del-Brot"]
[Black "Ninifu"]
[Result "0-1"]
[WhiteElo "1078"]
[BlackElo "2018"]
[TimeControl "300"]
[EndTime "12:58:15 PDT"]
[Termination "Ninifu won on time"]

1. c4 Nf6 2. Nc3 g6 3. e3 Bg7 4. Nf3 O-O 5. Be2 d6 6. d4 Nbd7 7. O-O e5 8. d5 a5 9. h3 Nc5 10. a3 Nfd7 11. Nd2 f5 12. Nb3 Nxb3 13. Qxb3 Nc5 14.
Qd1 a4 15. Na2 Bd7 16. Nb4 Qh4 17. Kh2 f4 18. Bg4 h5 19. Bxd7 Nxd7 20. Qf3 e4 21. Qxe4 Rae8 22. Qd3 Ne5 23. Qc2 Ng4+ 24. Kg1 f3 25.
Qxg6 Ne5 26. Qg3 Qf6 27. e4 Kh8 28. Bg5 Qf7 29. Bf4 Qxf4 30. Qxf4 Rxf4 31. g3 Rxe4 32. Nc2 Rxc4 33. Ne3 Re4 34. Nf5 Nc4 35. Nxg7 Kxg7 36.
Kh2 Re2 37. Rfc1 b5 38. Rxc4 bxc4 39. Rc1 Rxf2+ 40. Kg1 Ree2 41. Rxc4 Rg2+ 0-1

[Event "Live Chess"]
[Site "Chess.com"]
[Date "2023.05.20"]
[Round "-"]
[White "stevochess11"]
[Black "McSlash1"]
[Result "0-1"]
[WhiteElo "1796"]
[BlackElo "2058"]
[TimeControl "300"]
[EndTime "12:58:17 PDT"]
[Termination "McSlash1 won by checkmate"]

1. d4 Nf6 2. Nf3 g6 3. Nc3 d5 4. Bf4 Bg7 5. e3 O-O 6. Be2 c5 7. Ne5 Nbd7 8. O-O Nxe5 9. Bxe5 e6 10. Nb5 a6 11. Nc7 Ra7 12. dxc5 Nd7 13. Bd6 b6 14.
Bxf8 Bxf8 15. cxb6 Nxb6 16. Nxa6 Bxa6 17. Bxa6 Rxa6 18.
e4 Bg7 19. c3 Ra7 20. a4 Nc4 21. Qc2 dxe4 22. Rfd1 Qc7 23. Qxe4 Nxb2 24. Rd2 Nc4 25.
Re2 Nb6 26. Rd1 Rxa4 27. Qc2 Nd5 28. Qxa4 Nxc3 29. Qe8+ Bf8 30. Rc2 Qe5 31. g3 Nxd1 32. Rc8 Qe1+ 33. Kg2 Qxf2+ 34. Kh3 Qf5+ 35. Kg2 Qd5+ 36.
Kh3 Qh5+ 37. Kg2 Qh6 38. Rd8 Ne3+ 39. Kf3 Nd5 40. Rd7 Qe3+ 41. Kg2 Qe2+ 42. Kh3 Qf3 43. Rd8 Nf4+ 44. Kh4 Qh5# 0-1

[Event "Live Chess"]
[Site "Chess.com"]
[Date "2023.05.20"]
[Round "-"]
[White "chessfiction"]
[Black "chessleanstrategist"]
[Result "1-0"]
[WhiteElo "2421"]
[BlackElo "399"]
[TimeControl "300"]
[EndTime "12:58:21 PDT"]
[Termination "chessfiction won by resignation"]

1. e4 d6 2. d4 Nf6 3. Bc4 g6 4. h4 Bg7 5. h5 Nxh5 6. Rxh5 gxh5 7. Qxh5 O-O 8. Nf3 e6 9. e5 d5 10. Bd3 f5 11. exf6 Rxf6 12. Bxh7+ Kh8 13. Bg5 Rf5 14.
Bxf5+ 1-0

[Event "Live Chess"]
[Site "Chess.com"]
[Date "2023.05.20"]
[Round "-"]
[White "Tema1107"]
[Black "TheSmoulderingMaster"]
[Result "1-0"]
[WhiteElo "1974"]
[BlackElo "1740"]
[TimeControl "300"]
[EndTime "12:58:34 PDT"]
[Termination "Tema1107 won by checkmate"]

1. c4 e5 2. Nc3 Nf6 3. g3 d6 4. Bg2 Be7 5. Nf3 O-O 6. O-O c6 7.
e4 Bg4 8. h3 Be6 9. b3 Qd7 10.
Kh2 Nh5 11. d4 exd4 12. Nxd4 Bf6 13. Be3 Na6 14. Qxh5 Nc5 15. Nxe6 Nxe6 16. Rac1 g6 17. Qe2 Qc7 18. Rfd1 Rfe8 19. f4 Bg7 20. Qd2 h5 21.
f5 Nd8 22. Bf4 h4 23. g4 g5 24. Bxg5 d5+ 25. Bf4 Be5 26. Bxe5 Qxe5+ 27. Kh1 dxe4 28. Nxe4 c5 29. Qg5+ Kf8 30. Nf6 Nc6 31. Nh7# 1-0

[Event "Live Chess"]
[Site "Chess.com"]
[Date "2023.05.20"]
[Round "-"]
[White "HoarseyHorsey"]
[Black "Geomorph"]
[Result "1-0"]
[WhiteElo "1402"]
[BlackElo "1244"]
[TimeControl "300"]
[EndTime "12:58:41 PDT"]
[Termination "HoarseyHorsey won by resignation"]

1. d4 d5 2. c4 c6 3. cxd5 cxd5 4. Bf4 Qb6 5. Qb3 Qxd4 6. e3 Qc5 7. Nc3 Nf6 8. Be5 Nbd7 9. Bd4 Qc7 10. Nxd5 Nxd5 11. Qxd5 Nf6 12. Bb5+ Bd7 13. Bxd7+ Nxd7 14. Nf3 e6 15.
Qb3 b6 16. O-O Be7 17. Bxg7 Rg8 18. Qc3 Bc5 19. Bf6 Nxf6 20. Qxf6 Bd6 21. Rfd1 Be5 22. Nxe5 Rd8 23. Rac1 Rxd1+ 24. Rxd1 Kf8 25. Rd8+ 1-0

[Event "Live Chess"]
[Site "Chess.com"]
[Date "2023.05.20"]
[Round "-"]
[White "KGreenGator"]
[Black "therealab0ne"]
[Result "1-0"]
[WhiteElo "1787"]
[BlackElo "701"]
[TimeControl "300"]
[EndTime "12:58:50 PDT"]
[Termination "KGreenGator won by resignation"]

1. c4 e5 2. Nc3 Nc6 3. e3 Nf6 4. d4 exd4 5. exd4 d5 6. c5 g6 7. Nf3 Bg7 8. Bb5 O-O 9. O-O Ne4 10. Re1 Qf6 11. Nxd5 Qd6 12. cxd6 1-0

[Event "Live Chess"]
[Site "Chess.com"]
[Date "2023.05.20"]
[Round "-"]
[White "ViktorTheCoolBoy"]
[Black "wadsy27"]
[Result "1-0"]
[WhiteElo "2517"]
[BlackElo "2549"]
[TimeControl "300"]
[EndTime "12:59:11 PDT"]
[Termination "ViktorTheCoolBoy won by resignation"]

1. d4 d5 2. c4 c6 3. Nf3 Nf6 4. Nc3 a6 5. e3 b5 6. cxd5 cxd5 7. Bd3 e6 8. O-O Be7 9. Bd2 O-O 10. Qe2 Nc6 11. Rfc1 Bb7 12. a3 Na5 13. Rab1 Rc8 14. Ne5 Nc4 15. Be1 Nd7 16. Nxd7 Qxd7 17. Na2 f5 18. Bb4 f4 19. Qh5 g6 20. Qh3 Bxb4 21.
axb4 Rf6 22. b3 Nd6 23. Rxc8+ Qxc8 24. Rc1 Qf8 25. Rc7 h5 26. exf4 Qd8 27. Rc1 Ne4 28. Qe3 Qd6 29. g3 g5 30. Bxe4 gxf4 31. Qc3 dxe4 32.
Qc7 Qd5 33. Qe5 Rf7 34. Qxd5 Bxd5 35. Nc3 fxg3 36. hxg3 Rc7 37. Kf1 Bxb3 38. Ke2 Bc4+ 39. Kd2 Bd3 40. Nd1 Rxc1 41. Kxc1 Kf7 42. Kd2 Kf6 43.
Ke3 e5 44. Nc3 exd4+ 45. Kxd4 Kf5 46. Ke3 Ke5 47. f3 Kf5 48. fxe4+ Kg4 49. Kxd3 Kxg3 50. e5 h4 51. e6 h3 52. e7 h2 53. e8=Q h1=Q 54. Qe3+ Kg4 55. Qe4+ Qxe4+ 56. Kxe4 Kg3 57. Nd5 Kf2 58. Kd4 Ke2 59. Kc5 Kd2 60. Nc7 Kc3 61. Nxa6 Kb3 62. Nc7 1-0

[Event "Live Chess"]
[Site "Chess.com"]
[Date "2023.05.20"]
[Round "-"]
[White "Bot_Boy"]
[Black "YrrriKharkiv"]
[Result "0-1"]
[WhiteElo "330"]
[BlackElo "2038"]
[TimeControl "300"]
[EndTime "12:59:18 PDT"]
[Termination "YrrriKharkiv won on time"]

1. Nf3 Nf6 2. Nc3 e6 3. d4 d5 4. Bf4 c5 5. Ne5 Nc6 6. e3 cxd4 7. exd4 Qb6 8. Nxc6 bxc6 9. Rb1 Bd7 10. h3 c5 11.
Be5 cxd4 12. Bxd4 Bc5 13. Bxc5 Qxc5 14. Be2 O-O 15. Qd2 d4 16. Nd1 Rac8 17. Bd3 Bc6 18. O-O Qd5 19. f3 Nh5 20. Qf2 e5 21. g4 Nf4 22. Be4 Nxh3+ 23. Kh2 Nxf2 24. Bxd5 Nxg4+ 0-1

[Event "Live Chess"]
[Site "Chess.com"]
[Date "2023.05.20"]
[Round "-"]
[White "onemoretime1975"]
[Black "Sacbutt"]
[Result "0-1"]
[WhiteElo "1912"]
[BlackElo "2197"]
[TimeControl "300"]
[EndTime "12:59:21 PDT"]
[Termination "Sacbutt won by resignation"]

1. e4 e5 2. Nf3 Nc6 3. Bc4 Bc5 4. d3 Nf6 5. c3 O-O 6. O-O h6 7. Bb3 a6 8. h3 d6 9. Be3 Ba7 10. Bxa7 Rxa7 11. Nh2 Be6 12. f4 exf4 13. Rxf4 d5 14. exd5 Nxd5 15. Bxd5 Qxd5 16. d4 Raa8 17. Nd2 Qg5 18.
Qf3 Bd5 19. Qg4 Qxg4 20. Nxg4 f5 21. Ne3 Ne7 22. c4 g5 23. Rff1 Be6 24. d5 Bd7 25.
Nb3 Rae8 26. Rae1 f4 27. Nc2 Nf5 28. Rxe8 Rxe8 29. Ncd4 Ne3 30. Re1 Nxc4 31. Rxe8+ Bxe8 32. Ne6 c6 33. dxc6 Bxc6 34. Nbd4 Nxb2 35. Nxc6 bxc6 36. Nd4 c5 37. Nc2 h5 38. Kf2 c4 39.
Ke2 Kf7 40. Kd2 Na4 41. Na3 c3+ 42. Kd3 Kf6 43. Nc2 Ke5 44. Nb4 g4 45. hxg4 hxg4 46.
Nc6+ Kf5 47. Nb4 f3 48. gxf3 gxf3 49. Nxa6 f2 50. Ke2 c2 0-1

[Event "Live Chess"]
[Site "Chess.com"]
[Date "2023.05.20"]
[Round "-"]
[White "ramses-IIG"]
[Black "Shepherds_Pie"]
[Result "0-1"]
[WhiteElo "825"]
[BlackElo "1898"]
[TimeControl "300"]
[EndTime "12:59:23 PDT"]
[Termination "Shepherds_Pie won by resignation"]

1. e4 e6 2. Nf3 c5 3. Bc4 d5 4.
exd5 exd5 5. Bb3 Nc6 6. O-O Nf6 7. Qe2+ Be7 8. Ne5 O-O 9. Nxc6 bxc6 10. d3 Re8 11.
Bg5 Bd6 12. Qf3 Be7 13. c3 Bg4 14. Qg3 Bf5 15. Bc2 Bg6 16. h3 h6 17. Bxf6 Bxf6 18.
Nd2 Qd7 19. Nf3 Re2 20. Rac1 Rae8 21. Rfe1 d4 22. Rxe2 Rxe2 23. c4 Qe8 24. Qd6 Bh5 25.
Qxc5 Bxf3 26. gxf3 Re1+ 27. Rxe1 Qxe1+ 28. Kg2 Bh4 29. Qxd4 Qe7 30. Qe3 Bg5 31. Qxe7 Bxe7 32. d4 Bf6 33. d5 cxd5 34. cxd5 Bxb2 35. d6 Kf8 36. Ba4 Bd4 37. d7 Bb6 38. f4 Ke7 39. f3 h5 40.
Kg3 g6 41. f5 Bc7+ 42. Kf2 g5 43. Ke3 Kf6 44. Ke4 Ke7 45. h4 gxh4 46. f4 h3 47. Kf3 h2 48. Kg2 Bxf4 49. a3 h4 50. f6+ Kd8 51.
Bc6 Bg5 52. Kxh2 Bxf6 53. Kh3 Be7 54. a4 Kc7 55. Bb5 Kb6 56. Kg4 a6 57. Kh3 axb5 58.
d8=Q+ Bxd8 59. axb5 Kxb5 60. Kg4 Kc5 61. Kh3 Kd5 0-1

[Event "Live Chess"]
[Site "Chess.com"]
[Date "2023.05.20"]
[Round "-"]
[White "ossie57"]
[Black "LodeshChess"]
[Result "1-0"]
[WhiteElo "1916"]
[BlackElo "1041"]
[TimeControl "300"]
[EndTime "12:59:35 PDT"]
[Termination "ossie57 won by resignation"]

1. d4 Nf6 2. Nc3 e6 3. Bf4 Bb4 4. Qd3 O-O 5. O-O-O Nd5 6. Nxd5 exd5 7. Qg3 Re8 8. Bxc7 Qf6 9. Bxb8 Rxb8 10. Qxb8 d6 11. Qxa7 Qxf2 12. Qa4 Qe3+ 13. Kb1 Bd2 14. Nf3 Bg4 15.
Nxd2 Bxe2 16. Bxe2 Qxe2 17. Nf3 Kf8 18. Rhe1 1-0

[Event "Live Chess"]
[Site "Chess.com"]
[Date "2023.05.20"]
[Round "-"]
[White "mightysmasher"]
[Black "smoggyrabbit"]
[Result "1-0"]
[WhiteElo "2121"]
[BlackElo "1666"]
[TimeControl "300"]
[EndTime "12:59:41 PDT"]
[Termination "mightysmasher won by resignation"]

1. e4 e6 2. d4 d5 3. exd5 exd5 4. Nf3 c6 5. Bd3 Bd6 6. O-O Ne7 7. Bg5 f6 8. Bh4 O-O 9. c3 Bf5 10. Bg3 Bxd3 11. Qxd3 Bxg3 12. hxg3 Na6 13. Nbd2 Qd7 14. Rfe1 Ng6 15. Nb3 Rfe8 16. Rad1 Rxe1+ 17. Rxe1 Re8 18. Rxe8+ Qxe8 19. Nc5 Nxc5 20. dxc5 Qe7 21. b4 Ne5 22. Qf5 Nxf3+ 23. gxf3 g6 24. Qc8+ Kg7 25. Kg2 h5 26. a4 g5 27. b5 cxb5 28. axb5 Kg6 29. c6 g4 30. fxg4 Qe4+ 31. Kh2 hxg4 32. cxb7 Qf3 33. Qc5 d4 34. Qxd4 Qxb7 35. Qxg4+ Kf7 36. c4 Qb6 37. Qf4 Qc5 38. g4 Kg6 39. Qf5+ Qxf5 40. gxf5+ Kxf5 41. c5 Ke5 42. Kg3 Kd5 43. c6 Kd6 44. Kf4 Kc7 45. Kf5 a6 46. bxa6 Kxc6 47. Kxf6 Kb6 48. Ke7 Kxa6 49. f4 Kb5 50. f5 Kc5 51. f6 Kd5 52. f7 1-0

[Event "Live Chess"]
[Site "Chess.com"]
[Date "2023.05.20"]
[Round "-"]
[White "kevinmilleruk"]
[Black "SiDebanks"]
[Result "1-0"]
[WhiteElo "1143"]
[BlackElo "1372"]
[TimeControl "300"]
[EndTime "12:59:44 PDT"]
[Termination "kevinmilleruk won on time"]

1. c4 e6 2. Nc3 d5 3. cxd5 exd5 4.
d4 Nf6 5. Bg5 Be7 6. g3 h6 7. Bxf6 Bxf6 8. Bg2 c6 9. Nf3 O-O 10. O-O Re8 11. e3 Bg4 12. h3 Bxf3 13.
Qxf3 Nd7 14. Rad1 Qb6 15. b3 Qc7 16. h4 a5 17. Kh2 Bxh4 18. Kh3 Bf6 19. e4 dxe4 20.
Nxe4 Qc8 21. Nd6 Ne5+ 22. Nxc8 Nxf3 23. Bxf3 Raxc8 24. d5 cxd5 25. Rxd5 b6 26. Rd6 Re6 27. Rd7 Rce8 28. Bd5 R6e7 29. Rd6 Bd4 30. f4 Bc5 31.
Rc6 Re2 32. a3 R2e3 33. b4 axb4 34. axb4 Bxb4 35. Rxb6 Bf8 36. Bc6 R8e6 37. Rc1 Kh7 38. Kh4 Be7+ 39. Kg4 Bf6 40. f5 Rd6 41. Kf4 Bg5+ 42.
Kg4 Rd4+ 43. Kh3 Rxg3+ 44. Kxg3 Bxc1 45. Rb7 Bg5 46. Rxf7 Rd3+ 47. Kf2 Rd6 48. Be4 Rf6 49. Rc7 h5 50. Kg2 Kh6 51. Kh3 Bf4 52. Kg2 Bxc7 53. Kf3 Kg5 54. Ke3 h4 55. Kf3 h3 56. Kf2 Rh6 57. Kf3 h2 58. Kg2 h1=Q+ 59. Kf2 Rh3 60. Ke2 1-0

[Event "Live Chess"]
[Site "Chess.com"]
[Date "2023.05.20"]
[Round "-"]
[White "Goblinbasher"]
[Black "booktrunk"]
[Result "1-0"]
[WhiteElo "1211"]
[BlackElo "1292"]
[TimeControl "300"]
[EndTime "12:59:46 PDT"]
[Termination "Goblinbasher won by resignation"]

1. e4 d5 2. exd5 Qxd5 3. d4 Nc6 4. Nc3 Qh5 5. Qxh5 Nf6 6. Qd1 Bd7 7. Nf3 O-O-O 8. Bg5 Nh5 9. g3 g6 10. a3 f6 11. Bd2 a6 12. Qe2 Bg4 13. O-O-O Kb8 14. Bg2 Ng7 15. h3 Bd7 16. Na4 Na7 17. Nc5 Bb5 18. Qe4 Bc6 19. Qd3 e5 20. Qf1 exd4 21.
Nxa6+ bxa6 22. Qxa6 Bb7 23. Qc4 Nf5 24. Rhg1 Nd6 25. Qxd4 Ne4 26. Qe3 Bc5 27. Qb3 Bxf2 28. Be3 Bxg1 29. Rxd8+ Rxd8 30. Bxg1 Nxg3 31. Bxa7+ Kxa7 32.
Nd2 Bxg2 33. Qxg3 Bb7 34. Qxc7 Rc8 35. Qxh7 Re8 36. Qh4 g5 37. Qd4+ Ka8 38. c3 Rc8 39.
Qxf6 Rg8 40. b4 g4 41. hxg4 Rxg4 42. Kc2 Rg2 43. Qf4 Ka7 44. Kb3 Ka8 45. Nc4 Bd5 46. Qf8+ Kb7 47. Qe7+ Ka8 48. Qd8+ Ka7 49. Qxd5 1-0

[Event "Live Chess"]
[Site "Chess.com"]
[Date "2023.05.20"]
[Round "-"]
[White "AttackingSnowLeopard"]
[Black "SavagePawn7"]
[Result "1-0"]
[WhiteElo "2053"]
[BlackElo "794"]
[TimeControl "300"]
[EndTime "12:59:52 PDT"]
[Termination "AttackingSnowLeopard won by resignation"]

1. e4 d5 2. exd5 Nf6 3. Nc3 Nxd5 4. Nf3 Nxc3 5. dxc3 Qxd1+ 6. Kxd1 Bg4 7. Be2 Nc6 8.
Be3 O-O-O+ 9. Nd4 Nxd4 10. Bxg4+ Ne6+ 11. Ke2 Kb8 12. Bxe6 fxe6 13. Rad1 Rxd1 14. Rxd1 b6 15. Rd8+ Kb7 16. Bg5 h6 17. Bxe7 Bxe7 18. Rxh8 Bf6 19. Rf8 a5 20. f4 e5 21. f5 c5 22. g4 Ka6 23. Rf7 Bg5 24. Rxg7 1-0

[Event "Live Chess"]
[Site "Chess.com"]
[Date "2023.05.20"]
[Round "-"]
[White "jennybobby44"]
[Black "OSmith06"]
[Result "1/2-1/2"]
[WhiteElo "1863"]
[BlackElo "1664"]
[TimeControl "300"]
[EndTime "12:59:55 PDT"]
[Termination "Game drawn by stalemate"]

1. Nf3 Nf6 2. g3 e6 3. Bg2 d5 4.
d4 c5 5. c3 Nc6 6. O-O Be7 7.
b3 O-O 8. Bb2 cxd4 9. cxd4 a6 10.
Nbd2 b5 11. e3 Bb7 12. Rc1 Rc8 13. h3 Nb4 14. a3 Rxc1 15. Qxc1 Nd3 16. Qb1 Nxb2 17.
Qxb2 Qa5 18. b4 Qb6 19. Rc1 a5 20. Ne5 axb4 21. axb4 Qd6 22. Nd3 Rc8 23. Nc5 Qb6 24. Bf1 Bxc5 25. bxc5 Qc7 26. Qxb5 Bc6 27. Qb6 Qe7 28. Ba6 Nd7 29. Qa7 Ra8 30. Qxa8+ Bxa8 31. c6 Nb6 32. Rb1 Qc7 33. Nf3 Bxc6 34. Rc1 Qd6 35. Ne5 Nc4 36. Bxc4 dxc4 37. Rxc4 Bb7 38. Rc5 f6 39. Nd3 Be4 40. Ne1 Qb6 41. f3 Qb1 42. Kf2 Qb2+ 43. Kf1 Bg6 44. Rc8+ Kf7 45. Rc7+ Kf8 46. Rc8+ Be8 47. Rc2 Qb5+ 48. Kf2 Qb3 49. h4 Ba4 50. Rd2 e5 51. dxe5 fxe5 52. Re2 Bb5 53.
Rd2 Qc3 54. Rd1 Qc4 55. Nd3 Qxd3 56. Rxd3 Bxd3 57. e4 Ke7 58. Ke3 Bc4 59. f4 exf4+ 60. Kxf4 Be6 61. Kg5 Kf7 62. Kf4 h6 63. Ke5 Bc8 64.
Kd6 Bg4 65. Ke5 Kg6 66. Kf4 h5 67. Ke5 Kf7 68. Kd6 Kf6 69. e5+ Kf7 70. Kd5 g6 71. Ke4 Ke6 72. Kf4 Bf5 73. Kg5 Kxe5 74. Kh6 Ke4 75. Kg5 Kf3 76. Kf6 Kxg3 77. Kg5 Kh3 78.
Kf4 Kxh4 79. Kf3 Kg5 80. Kg2 h4 81. Kh2 h3 82. Kg3 Kh5 83. Kh2 g5 84. Kg3 g4 85.
Kh2 Kh4 86. Kg1 g3 87. Kh1 Kg4 88. Kg1 Bc8 89. Kh1 g2+ 90. Kg1 Kf3 91. Kh2 Kf2 1/2-1/2

[Event "Live Chess"]
[Site "Chess.com"]
[Date "2023.05.20"]
[Round "-"]
[White "DerbyKnight"]
[Black "Enhard"]
[Result "0-1"]
[WhiteElo "1540"]
[BlackElo "1463"]
[TimeControl "300"]
[EndTime "12:59:56 PDT"]
[Termination "Enhard won on time"]

1. e4 c6 2. d4 d5 3. Nc3 dxe4 4. Nxe4 Bf5 5. Ng3 Bg6 6. N1e2 Nd7 7. Nf4 e6 8. h4 Bf5 9. Nxf5 Qa5+ 10. Bd2 Qxf5 11. Bd3 Qf6 12. Nh5 Qe7 13. Bf4 Ngf6 14. Nxf6+ Nxf6 15. Qe2 Qd7 16. O-O-O Be7 17. g4 Nd5 18.
Bg3 Bd6 19. Be5 f6 20. Bxd6 Qxd6 21. Kb1 O-O-O 22. Bc4 Rhe8 23. Qf3 h6 24. Rhe1 Qb4 25. Bb3 Qa5 26. g5 hxg5 27. hxg5 Kb8 28. Qg3+ Ka8 29. gxf6 gxf6 30. Rh1 Nb4 31. Rh7 Nd5 32. Bxd5 exd5 33. Qg7 Rb8 34. Qxf6 Re1 35. Rh1 Rxd1+ 36. Rxd1 Qb4 37. c3 Qc4 38. Qe5 Qa4 39. Qe2 Qa5 40. Re1 a6 41. f4 Rf8 42. Qe3 Qc7 43. Rf1 Qh7+ 44. Kc1 Qf5 45. Qe5 Qh3 46. Re1 Qf3 47. Qe2 Qxf4+ 48. Kb1 Qf5+ 49. Ka1 Ka7 50. Qe5 Qf2 51.
Qf5 Qxf5 0-1

[Event "Live Chess"]
[Site "Chess.com"]
[Date "2023.05.20"]
[Round "-"]
[White "seabuck"]
[Black "DenDenTie"]
[Result "1-0"]
[WhiteElo "1856"]
[BlackElo "689"]
[TimeControl "300"]
[EndTime "13:00:05 PDT"]
[Termination "seabuck won on time"]

1. c4 e5 2. Nc3 Nf6 3. g3 d5 4.
cxd5 Nxd5 5. Bg2 Be6 6. Nf3 Nc6 7. O-O Bc5 8. a3 O-O 9. b4 Bb6 10. Bb2 Nxc3 11. Bxc3 a5 12. Nxe5 Nxe5 13. Bxe5 axb4 14. axb4 Rxa1 15. Bxa1 Qd6 16. Bc3 Bd4 17. e3 Bxc3 18. dxc3 Qe5 19. Qd4 Qb5 20. Ra1 b6 21. Ra7 c5 22.
bxc5 bxc5 23. Qd1 Qb6 24. Rb7 Qa5 25. Qc1 Rd8 26. Bf3 Bc8 27. Rb2 Qa4 28. Kg2 Bf5 29. Rd2 Rxd2 30. Qxd2 h6 31. Qd5 Be6 32. Qxc5 Qd7 33.
Qd4 Bh3+ 34. Kg1 Qb5 35. Qd1 g5 36. Qd8+ Kg7 37. Qd4+ Kh7 38. Qd1 h5 39. Bg2 Bg4 40.
f3 Bf5 41. Kf2 Qc5 42. Qd2 Be6 43. h4 Bd5 44. hxg5 f5 45. f4 Kg7 46. Bxd5 Qc4 47. Bxc4 1-0

[Event "Live Chess"]
[Site "Chess.com"]
[Date "2023.05.20"]
[Round "-"]
[White "Woodpusher500"]
[Black "CheckThis4"]
[Result "0-1"]
[WhiteElo "1324"]
[BlackElo "2550"]
[TimeControl "300"]
[EndTime "13:00:09 PDT"]
[Termination "CheckThis4 won by resignation"]

1. e4 d5 2. exd5 Nf6 3. c4 e6 4. Qf3 exd5 5. cxd5 Nbd7 6. Bc4 Nb6 7. Bb3 Nbxd5 8.
Nc3 c6 9. Nxd5 cxd5 10. Ne2 Be6 11. Nf4 Bd6 12. O-O O-O 13. Nxd5 Nxd5 14. Bxd5 Bxd5 15.
Qd3 Rc8 16. b3 Be5 17. Rb1 Qh4 18. h3 Be4 19. Qe3 Bxb1 20. Qxe5 Rfe8 21. Qd4 Qxd4 0-1

[Event "Live Chess"]
[Site "Chess.com"]
[Date "2023.05.20"]
[Round "-"]
[White "diana21strabt"]
[Black "Doge_Dandolo"]
[Result "1-0"]
[WhiteElo "1681"]
[BlackElo "2017"]
[TimeControl "300"]
[EndTime "13:00:10 PDT"]
[Termination "diana21strabt won by resignation"]

1. e4 c6 2. d4 d5 3. Nc3 dxe4 4.
Nxe4 Bf5 5. Ng3 Bg6 6. h4 h6 7. h5 Bh7 8. Nf3 Nd7 9. Bd3 Bxd3 10. Qxd3 e6 11. Bf4 Qa5+ 12. Bd2 Bb4 13. c3 Be7 14. Ne4 Ngf6 15. Nxf6+ Nxf6 16. Bf4 Nd5 17. Be5 O-O 18. O-O c5 19. dxc5 Bxc5 20. b4 Bxb4 21. cxb4 Nxb4 22. Qb3 Nc6 23. Bc3 Qxh5 24. Qxb7 Rfc8 25. Rac1 Rab8 26. Qd7 Qg4 27. Bxg7 Qxg7 28. Rxc6 Rd8 29. Qxa7 Ra8 30. Qc7 Rd3 31. Qg3 Qxg3 32. fxg3 Rxa2 33. Rb1 Re3 34.
Rc8+ Kg7 35. Rc7 Ree2 36. Ne1 Rf2 37. Rcb7 Rf5 38. R7b2 Ra3 39. Rf2 Re5 40. Rf3 Ra2 41.
Nd3 Rd5 42. Rbf1 Rd7 43. Ne5 Rb7 44. Rxf7+ Rxf7 45. Rxf7+ Kg8 46. Rf6 1-0

[Event "Live Chess"]
[Site "Chess.com"]
[Date "2023.05.20"]
[Round "-"]
[White "OleksiyJr1"]
[Black "SupremeTactician"]
[Result "0-1"]
[WhiteElo "962"]
[BlackElo "2377"]
[TimeControl "300"]
[EndTime "13:00:12 PDT"]
[Termination "SupremeTactician won by checkmate"]

1. e4 e5 2. Nf3 Nc6 3. Bc4 Bc5 4. d3 Nf6 5. Ng5 O-O 6. Nc3 d6 7. O-O h6 8. Nf3 Bg4 9. h3 Bh5 10. Re1 Nd4 11. Re3 Nxf3+ 12. Rxf3 Bxf3 13. Qxf3 c6 14.
Be3 Bxe3 15. Qxe3 a5 16. d4 exd4 17. Qxd4 b5 18. Bd3 c5 19. Qe3 c4 20. Be2 b4 21.
Nd1 Re8 22. c3 Rxe4 23. Qf3 Qe7 24. Kf1 Re8 25. Ne3 d5 26. Re1 bxc3 27. bxc3 Qa3 28. Ra1 Qxc3 29. Re1 d4 30. Ng4 Nxg4 31. hxg4 Qxf3 32.
gxf3 Rxe2 33. Rxe2 Rxe2 34. Kxe2 g6 35. Kd2 h5 36. gxh5 gxh5 37. Kc2 h4 38. Kb2 h3 39. Ka3 h2 40. Ka4 h1=Q 41. Kxa5 Qa1 42. Kb5 Qxa2 43.
Kc5 Qxf2 44. Kxc4 Qxf3 45. Kxd4 Qf6+ 46. Kd3 Qe6 47. Kd2 f5 48. Kd1 f4 49. Kd2 f3 50.
Kc2 f2 51. Kb2 f1=Q 52. Ka3 Qf3+ 53. Ka4 Qfb3+ 54. Ka5 Qeb6# 0-1

[Event "Live Chess"]
[Site "Chess.com"]
[Date "2023.05.20"]
[Round "-"]
[White "birdseed45"]
[Black "NAZRIZ1977"]
[Result "1-0"]
[WhiteElo "1890"]
[BlackElo "2073"]
[TimeControl "300"]
[EndTime "13:00:12 PDT"]
[Termination "birdseed45 won by resignation"]

1. e4 c5 2. Nf3 d6 3. d4 cxd4 4. Nxd4 Nf6 5. Nc3 g6 6. Bg5 Bg7 7. Be2 O-O 8. O-O Nc6 9. h3 Bd7 10. Nf3 Rc8 11. Re1 a6 12. a3 b5 13. Bd3 Na5 14. e5 dxe5 15. Nxe5 Be6 16. Qf3 h6 17. Bxf6 exf6 18. Nxg6 1-0

[Event "Live Chess"]
[Site "Chess.com"]
[Date "2023.05.20"]
[Round "-"]
[White "Jo1ts"]
[Black "wot-not"]
[Result "0-1"]
[WhiteElo "730"]
[BlackElo "1482"]
[TimeControl "300"]
[EndTime "13:00:16 PDT"]
[Termination "wot-not won by checkmate"]

1. d4 d5 2. Bf4 Nf6 3. Nf3 Bg4 4. e3 Nbd7 5. Nbd2 e6 6. Bd3 Bd6 7. Bg3 Bxg3 8. hxg3 h6 9. c3 c6 10. Qb3 Qb6 11. c4 Qxb3 12. Nxb3 dxc4 13. Bxc4 Nb6 14. Bd3 Bxf3 15. gxf3 O-O-O 16. f4 Nbd5 17. O-O Nb4 18. Be2 h5 19. Rfc1 h4 20. Rc4 Nbd5 21. Bf3 hxg3 22.
fxg3 Rh6 23. e4 Nb6 24. Rc5 Rdh8 25. Kf2 Rh2+ 26. Ke3 Rxb2 27. e5 Nfd5+ 28. Bxd5 Nxd5+ 29. Kd3 Rhh2 30. Ra5 a6 31. Nc5 Rhd2+ 32. Kc4 b5+ 33. Rxb5 axb5# 0-1

[Event "Live Chess"]
[Site "Chess.com"]
[Date "2023.05.20"]
[Round "-"]
[White "JoshMcK"]
[Black "Bob2pen"]
[Result "0-1"]
[WhiteElo "1567"]
[BlackElo "1824"]
[TimeControl "300"]
[EndTime "13:00:16 PDT"]
[Termination "Bob2pen won by resignation"]

1. e4 e6 2. d4 d5 3. Nc3 Bb4 4. e5 Ne7 5. a3 Bxc3+ 6. bxc3 c5 7. Nf3 Bd7 8. Bd3 c4 9. Be2 Ba4 10. O-O Nd7 11. h3 Qc7 12. Ng5 h6 13. Nf3 O-O-O 14. Bf4 Rdf8 15. Qb1 b5 16. Bd1 g5 17. Bd2 Ng6 18. Qb4 Rfg8 19. g3 f5 20. exf6 Nxf6 21. Qc5 Qxc5 22. dxc5 Ne4 23. Be1 Kd7 24. Nd4 Ne5 25.
f3 Nxc5 26. Rb1 a6 27. Rf2 h5 28. g4 hxg4 29. hxg4 Rh3 30. Kg2 Rgh8 31. Rf1 Rh2+ 32. Kg1 Rh1+ 33. Kf2 R8h2+ 34. Kg3 Rxf1 35. Kxh2 Rxe1 0-1

[Event "Live Chess"]
[Site "Chess.com"]
[Date "2023.05.20"]
[Round "-"]
[White "Hacker_2009"]
[Black "GMHarry-youtube"]
[Result "1/2-1/2"]
[WhiteElo "1897"]
[BlackElo "2110"]
[TimeControl "300"]
[EndTime "13:00:26 PDT"]
[Termination "Game drawn by repetition"]

1. d4 Nf6 2. Nf3 g6 3. c4 Bg7 4. Nc3 d5 5. e3 O-O 6. cxd5 Nxd5 7. Be2 Nxc3 8. bxc3 c5 9. O-O Nc6 10. Bb2 Bf5 11.
c4 cxd4 12. Nxd4 Qb6 13. Nxc6 Qxc6 14. Bxg7 Kxg7 15. Qd4+ Qf6 16. Qxf6+ Kxf6 17. Bf3 Rac8 18. Bxb7 Rxc4 19. Bf3 Rfc8 20. Rfd1 e6 21. h3 Bc2 22.
Rd7 R8c7 23. Rxc7 Rxc7 24. Rc1 Rc4 25. Be2 Rc6 26. Bb5 Rb6 27. Rxc2 Rxb5 28. Rc7 Ra5 29. Rc2 Ke5 30. g3 Kd5 31. Rc7 f5 32. Rxh7 Ke5 33.
Rg7 Kf6 34. Rg8 Rxa2 35. Ra8 a5 36. Kg2 Ke5 37. Kf3 Kd5 38. Rg8 Rb2 39. Rxg6 Rb7 40. Rg8 Ra7 41. Rb8 a4 42. Rb1 a3 43. Ra1 Kc4 44.
g4 a2 45. gxf5 exf5 46. Kf4 Kb3 47. Kxf5 Rf7+ 48. Kg4 Rxf2 49. e4 Re2 50. Kf5 Rh2 51.
e5 Rxh3 52. e6 Rf3+ 53. Ke5 Rf2 54. e7 Re2+ 55. Kd6 Rd2+ 56. Kc7 Rc2+ 57. Kd8 Rd2+ 58. Kc7 Re2 59. Kd8 Kb2 60. Rh1 Rd2+ 61. Kc7 Rc2+ 62. Kd8 Rd2+ 63. Kc7 Re2 64. Kd8 Rd2+ 1/2-1/2

[Event "Live Chess"]
[Site "Chess.com"]
[Date "2023.05.20"]
[Round "-"]
[White "Conradical12"]
[Black "1600x"]
[Result "1-0"]
[WhiteElo "1579"]
[BlackElo "1722"]
[TimeControl "300"]
[EndTime "13:00:39 PDT"]
[Termination "Conradical12 won by resignation"]

1. e4 e5 2. Nf3 Nc6 3. Bb5 Bc5 4.
c3 d6 5. O-O a6 6. Ba4 b5 7.
Bb3 Qd7 8. d4 Bb6 9. dxe5 Nxe5 10. Nxe5 dxe5 11. Qf3 Nf6 12. Bg5 Qd6 13. Rd1 Bg4 14.
Rxd6 Bxf3 15. Rxf6 gxf6 16. Bxf6 Rg8 17. Bd5 Rg3 18.
hxg3 Bxf2+ 19. Kxf2 Rc8 20. Kxf3 c6 21. Bb3 a5 22.
Nd2 a4 23. Bc2 a3 24. b3 b4 25. Nc4 Kf8 26. Rh1 bxc3 27. Rxh7 Ke8 28. Nd6+ Kd7 29. Nxc8 Kxc8 30. Rxf7 c5 31. g4 c4 32. Re7 cxb3 33. g5 bxc2 34. g6 c1=Q 35. g7 Qf4+ 36. Ke2 Qxe4+ 37.
Kf1 Qb1+ 38. Ke2 Qe4+ 39. Kd1 Qb1+ 40. Ke2 Qg6 41. Bxe5 c2 42. Kd2 Kd8 43. Rc7 Qxg2+ 44. Ke3 Qg5+ 45. Kd4 c1=Q 46. Rxc1 Qxc1 47. g8=Q+ Ke7 48.
Qg7+ Ke6 49. Qf6+ Kd7 50. Qf7+ Kc6 51. Qc7+ Kb5 52. Qxc1 Ka4 53. Qc4+ 1-0